Map: Acropolis LE

Players

Djorn

  • Race: Protoss Protoss
  • Spawn Location: 5:00

A.I. 1 (Hard) - Winner!

  • Race: Zerg Zerg
  • Spawn Location: 11:00

VOD

Have the link to the VOD?

Description

Time

  • Played on: Aug. 23, 2019, 8:41 p.m.
  • Length: 5:01
Show
View Real Time Build Order
Export as new Build Order

Djorn Protoss 

Build Orders:  

Get SALT Encoding   

  12  0:02  Probe  
  13  0:15  Probe  
  14  0:22  Pylon  
  14  0:27  Probe  
  15  0:38  Probe  
  16  0:46  Probe  
  16  0:48  Gateway  
  16  0:55  Probe  
  16  0:56  Assimilator  
  18  1:07  Probe  
  18  1:09  Assimilator  
  19  1:14  Pylon  
  19  1:19  Probe  
  19  1:24  Gateway  
  20  1:35  Probe  
  21  1:47  Probe  
  21  1:48  Cybernetics Core  
  22  1:54  Gateway  
  22  1:55  Zealot  
  22  2:00  Probe  
  25  2:11  Forge  
  25  2:16  Zealot  
  27  2:31  Protoss Ground Weapons Level 1  
  27  2:33  Pylon  
  27  2:40  Pylon  
  27  2:47  Warp Gate  
  27  2:56  Adept  
  29  3:00  Adept  
  29  3:02  Adept  
  33  3:12  Gateway  
  33  3:17  Zealot  
  33  3:23  Zealot  
  35  3:32  Zealot  
  39  3:51  Shield Battery  
  39  3:54  Shield Battery  
  39  4:37  Stalker  
  39  4:38  Stalker x3  
  47  4:44  Pylon  
Show
View Real Time Build Order
Export as new Build Order

A.I. 1 (Hard) Zerg - Winner!

Build Orders: 1 Base Baneling Bust, Pool Only 

Get SALT Encoding   

  12  0:00  Drone  
  13  0:12  Overlord  
  13  0:16  Drone  
  14  0:31  Drone  
  14  0:32  Drone  
  16  0:42  Spawning Pool  
  15  0:45  Drone  
  15  0:49  Drone  
  17  0:52  Extractor  
  17  0:56  Drone  
  17  1:06  Overlord  
  17  1:30  Queen  
  17  1:31  Zergling x2  
  20  1:36  Roach Warren  
  20  1:38  Drone  
  20  1:41  Extractor  
  20  1:43  Zergling x2  
  20  1:49  Drone  
  21  2:00  Drone  
  22  2:11  Lair  
  22  2:15  Drone  
  22  2:21  Roach  
  25  2:32  Drone  
  25  2:36  Overlord  
  26  2:43  Roach  
  28  2:55  Roach  
  28  2:56  Overlord  
  30  3:09  Roach  
  30  3:10  Hydralisk Den  
  31  3:13  Drone  
  32  3:21  Roach  
  34  3:32  Overlord, Roach  
  36  3:43  Hydralisk  
  38  3:50  Drone  
  38  3:54  Drone, Hydralisk  
  42  3:57  Drone  
  43  4:05  Drone  
  44  4:11  Overlord, Hydralisk  
  44  4:12  Drone  
  48  4:17  Drone  
  48  4:23  Baneling Nest  
  47  4:27  Drone  
  48  4:31  Evolution Chamber  
  49  4:44  Drone  
Tags
 
Add a new tag
Caveats
  • Supply blocks, unpowered buildings, or Contaminate may cause inaccurate times.
  • Supply counts are checked every 10 seconds.